 Dungeon Crawl Stone Soup version 0.17.0-26-gececa24 (webtiles) character file.

55876 4thArraOfDagon the Severer (level 14, -6/129 HPs)
             Began as a Minotaur Berserker on Nov 20, 2015.
             Was a High Priest of Trog.
             Mangled by a water elemental (9 damage)
             ... on level 1 of the Shoals.
             The game lasted 00:39:12 (5796 turns).

4thArraOfDagon the Severer (Minotaur Berserker)     Turns: 5796, Time: 00:39:12

Health: -6/129     AC: 29    Str: 37    XL:     14   Next: 39%
Magic:  20/20      EV:  6    Int: 10    God:    Trog [*****.]
Gold:   876        SH: 11    Dex: 10    Spells: 0 memorised, 13 levels left

rFire  x . .     SeeInvis +     H - +9 broad axe of Trog's Outrage {venom, -Tele rElec rC+ Str+4}
rCold  + + .     Clarity  .     R - +0 crystal plate armour
rNeg   . . .     SustAt   .     Y - +0 shield {reflect}
rPois  .         Gourm    .     (helmet restricted)
rElec  +         Spirit   .     O - +2 cloak {+Inv}
rCorr  .         Warding  .     m - +0 pair of gloves {archery}
rMut   .         NoTele   +     (no boots)
MR     +++++                    u - amulet of regeneration
Stlth  ..........               i - ring of protection from magic
                                E - ring "Loddax" {Ice -Tele *Drain Str+10 SInv}

@: exhausted, engulfed (cannot breathe), regenerating, slowed, very slow, almost
entirely resistant to hostile enchantments, extremely unstealthy
A: retaliatory headbutt, horns 2, slimy green scales 1, blink, clever 1, magic
resistance 1
a: Blink, Berserk, Trog's Hand, Brothers in Arms, Burn Spellbooks, Renounce
Religion, Evoke Invisibility


You were on level 1 of the Shoals.
You worshipped Trog.
Trog was extremely pleased with you.
You were near starving.

You visited 5 branches of the dungeon, and saw 27 of its levels.
You also visited: Labyrinth, Sewer, Ossuary and Bailey.

You collected 1056 gold pieces.
You spent 180 gold pieces at shops.

Inventory:

Hand Weapons
 e - a +0 blowgun
 h - a +8 executioner's axe of freezing
 H - the +9 broad axe of Trog's Outrage (weapon) {venom, -Tele rElec rC+ Str+4}
   (Trog gifted it to you on level 2 of the Orcish Mines)

   It poisons the flesh of those it strikes.
   It affects your strength (+4).
   It protects you from cold.
   It insulates you from electricity.
   It prevents most forms of teleportation.
Missiles
 B - 6 curare-tipped needles
Armour
 m - a +0 pair of gloves of archery (worn)
 x - a +2 buckler of protection
 O - a +2 cloak of invisibility (worn)
 Q - a +3 plate armour of magic resistance
 R - a +0 crystal plate armour (worn)
 Y - a +0 shield of reflection (worn)
Magical Staves
 g - an uncursed staff of fire {unknown}
Jewellery
 i - a ring of protection from magic (right hand)
 u - an amulet of regeneration (around neck)
 v - an uncursed ring of protection from fire
 E - the ring "Loddax" (left hand) {Ice -Tele *Drain Str+10 SInv}
   (You found it on level 9 of the Dungeon)

   [ring of ice]

   It enhances your ice magic, and weakens your fire magic.
   It affects your strength (+10).
   It makes you vulnerable to fire.
   It protects you from cold.
   It lets you see invisible.
   It prevents most forms of teleportation.
   It causes draining when unequipped.
 Z - an uncursed ring of ice
Wands
 a - a wand of teleportation (3)
 j - a wand of digging (7)
 q - a wand of disintegration (10)
 S - a wand of cold (0)
Scrolls
 d - 3 scrolls of remove curse
 f - a scroll of blinking
 k - a scroll of teleportation
 A - a scroll of immolation
 C - 3 scrolls of holy word
 V - a scroll of fear
Potions
 b - a potion of mutation {unknown}
 l - 6 potions of curing
 n - 3 potions of degeneration {unknown}
 o - 5 potions of poison {unknown}
 p - a potion of invisibility {unknown}
 r - 5 potions of agility {unknown}
 t - a potion of might {unknown}
 w - 2 potions of flight {unknown}
 z - a potion of cancellation
 D - a potion of brilliance
 J - 4 potions of lignification {unknown}
 K - 2 potions of haste {unknown}
 T - a potion of berserk rage
 U - 2 potions of heal wounds {unknown}
 X - a potion of magic
Books
 y - Maetuhos's Collected Works on Darkness and Snow
   (You found it in a labyrinth)

   Spells                             Type                      Level
   a - Animate Skeleton               Necromancy                   1
   b - Regeneration                   Charms/Necromancy            3
   c - Animate Dead                   Necromancy                   4
   d - Control Undead                 Necromancy                   4
   e - Bolt of Draining               Conjuration/Necromancy       5
   f - Metabolic Englaciation         Hexes/Ice                    5
   g - Cigotuvi's Embrace             Necromancy                   5
   h - Ozocubu's Refrigeration        Ice                          6
   Trog disapproves of the use of such an item.
 I - a book of Death

   Spells                             Type                      Level
   a - Corpse Rot                     Necromancy                   2
   b - Sublimation of Blood           Necromancy                   2
   c - Agony                          Necromancy                   5
   d - Dispel Undead                  Necromancy                   5
   e - Excruciating Wounds            Charms/Necromancy            5
   f - Bolt of Draining               Conjuration/Necromancy       5
   Trog disapproves of the use of such an item.
 P - a Young Poisoner's Handbook

   Spells                             Type                      Level
   a - Sting                          Conjuration/Poison           1
   b - Cure Poison                    Poison                       2
   c - Mephitic Cloud                 Conjuration/Poison/Air       3
   d - Olgreb's Toxic Radiance        Poison                       4
   e - Venom Bolt                     Conjuration/Poison           5
   Trog disapproves of the use of such an item.
 W - a book of Necromancy

   Spells                             Type                      Level
   a - Pain                           Necromancy                   1
   b - Animate Skeleton               Necromancy                   1
   c - Vampiric Draining              Necromancy                   3
   d - Regeneration                   Charms/Necromancy            3
   e - Animate Dead                   Necromancy                   4
   f - Control Undead                 Necromancy                   4
   Trog disapproves of the use of such an item.
Miscellaneous
 F - a plain deck of escape
 G - a plain deck of changes
Comestibles
 c - 5 bread rations
 s - 16 royal jellies
 L - 2 slices of pizza
 M - 8 meat rations
 N - a chunk of flesh


   Skills:
 - Level 13.4 Fighting
 * Level 18.5 Axes
 + Level 13.7 Armour
 - Level 2.1 Dodging
 - Level 5.4 Shields
 - Level 9.5 Evocations


You had 13 spell levels left.
You didn't know any spells.

Dungeon Overview and Level Annotations

Branches:
Dungeon (15/15)              Lair (5/8) D:11         Shoals (1/4) Lair:5
    Orc (4/4) D:12            Elf (0/3) Orc:3        Depths (2/5) D:15
 Temple: D:4-7        Snake: Lair:3-6    Spider: Lair:3-6    Vaults: D:13-14

Altars:
Dithmenos
Gozag
Kikubaaqudgha
Qazlal
Xom
Beogh

Shops:
D:8 =   D:15 (   Orc:3 [}*?*   Orc:4 %[%}

Portals:
Abyss: Depths:1


Innate Abilities, Weirdness & Mutations

You reflexively headbutt those who attack you in melee.
You have a pair of horns on your head.
You are partially covered in slimy green scales (AC +2).
You can translocate small distances at will.
Your mind is acute. (Int +2)
You are resistant to hostile enchantments.


Message History

You feel somewhat more hungry.
* * * LOW HITPOINT WARNING * * *
Your lungs strain for air!
You block the water elemental's attack. The water elemental hits you!
* * * LOW HITPOINT WARNING * * *
The merfolk hits you from afar with a trident.
* * * LOW HITPOINT WARNING * * *
Unknown command.
Unknown command.
Unknown command.
Unknown command.
You hit the water elemental.
Your headbutt misses the water elemental.
The water elemental is almost destroyed.
You slash the water elemental!
The water elemental is almost destroyed.
* * * LOW HITPOINT WARNING * * *
Your lungs strain for air!
The water elemental hits you. The water elemental hits you!
You die...

...###.[≈≈..........
≈≈≈≈≈≈≈.................
≈≈≈≈≈≈≈≈≈≈......####...#
≈≈≈≈≈≈≈≈≈≈≈≈≈.## ##..#
≈≈≈≈≈.≈≈≈≈≈≈≈..### #...
≈≈≈≈≈≈≈≈≈≈≈≈.≈≈..####...
≈≈≈≈≈≈≈≈≈≈≈..≈≈.##.#####
≈≈≈....≈≈≈....≈....# ##
###@O≈.##.≈....####.
#EE..#..≈)....##..
#m≈≈≈...≈≈........ ≈.
###)≈†....≈≈........
≈≈..#.....##..≈≈........
≈≈≈≈m.≈≈≈.####...........
≈≈≈≈≈≈≈≈).# ##...##....#
≈≈≈≈≈≈≈≈≈.# ##..####..#
≈≈.≈≈.....# #.## #...


You could see a merfolk, 2 water elementals and a friendly ogre (berserk).

Vanquished Creatures
  A lich (Depths:2)
  Gastronok (D:9)
  Roxanne (D:14)
  Donald (Orc:4)
  An orc warlord (Orc:4)
  A stone giant (Depths:1)
  A minotaur (Lab)
  Josephine (Orc:3)
  A yaktaur captain (D:15)
  A rakshasa (Depths:2)
  2 centaur warriors
  A hydra (Lair:3)
  2 merfolk aquamancers (Shoals:1)
  A tengu warrior (D:15)
  4 orc high priests (Orc:4)
  A spriggan berserker (Depths:2)
  Nergalle (Orc:3)
  A hell knight (D:15)
  A giant orange brain (Depths:1)
  A sea snake (Shoals:1)
  4 hill giants
  An unseen horror (D:12)
  Pikel (D:9)
  4 orc knights
  8 ugly things
  A water nymph (Shoals:1)
  4 manticores
  3 orc sorcerers
  A griffon (Shoals:1)
  A black mamba (shapeshifter) (Depths:1)
  2 sirens (Shoals:1)
  Psyche (D:9)
  A kobold demonologist (Bailey)
  2 tengu conjurers (D:15)
  A freezing wraith (D:15)
  11 yaktaurs
  A merfolk (Shoals:1)
  A queen bee (Lair:2)
  3 trolls
  A polar bear (Lair:4)
  A wind drake (shapeshifter) (D:15)
  3 slime creatures (D:13)
  3 water elementals (Shoals:1)
  6 yaks (Lair:3)
  A trapdoor spider (D:15)
  6 wraiths
  A fire elemental (D:12)
  2 hungry ghosts
  A steam dragon (D:10)
  A deep elf mage (D:12)
  3 wargs (Orc:4)
  2 mottled dragons
  2 soldier ants
  36 orc warriors
  A porcupine (Lair:4)
  2 sky beasts (D:7)
  4 slaves (D:9)
  A black bear (D:8)
  10 ogres
  An eye of draining (D:12)
  2 phantoms
  2 ice beasts
  6 centaurs
  2 crocodiles
  3 big kobolds
  10 giant frogs
  5 scorpions
  40 killer bees
  2 electric eels (Lair:2)
  4 wights (D:8)
  A centaur zombie (D:8)
  3 giant frog zombies
  5 crimson imps
  27 orc priests
  A lava snake (D:12)
  6 hounds
  7 worker ants
  A centaur skeleton (D:9)
  A giant frog skeleton (D:13)
  12 orc wizards
  3 iguanas
  2 hound skeletons
  A hound zombie (D:6)
  A worker ant zombie (D:7)
  A river rat (D:4)
  6 gnolls
  2 adders (D:8)
  3 shadow imps
  2 oozes (Sewer)
  2 adder skeletons
  3 adder zombies
  2 worms
  134 orcs
  3 ball pythons
  11 giant cockroaches
  9 goblins
  9 hobgoblins
  8 jackals
  12 kobolds
  A quokka (D:12)
  5 giant geckos
  A giant newt (D:4)
  5 rats
  2 plants (D:11)
532 creatures vanquished.

Vanquished Creatures (collateral kills)
  A jiangshi (Depths:2)
  An entropy weaver (Depths:2)
  A hydra (D:15)
  A yaktaur (Depths:2)
  A hungry ghost (D:15)
  An ice beast (D:15)
  2 centaurs (Depths:2)
  A crimson imp (D:15)
9 creatures vanquished.

Vanquished Creatures (others)
  A manticore (Shoals:1)
  A yaktaur (Depths:2)
  A centaur (D:14)
  A kobold (D:13)
  A plant (Lair:2)
5 creatures vanquished.

Grand Total: 546 creatures vanquished

Notes
Turn   | Place    | Note
--------------------------------------------------------------
     0 | D:1      | 4thArraOfDagon the Minotaur Berserker began the quest for the Orb.
     0 | D:1      | Reached XP level 1. HP: 19/19 MP: 0/0
    65 | D:2      | Found a shimmering altar of Xom.
   116 | D:2      | Reached skill level 4 in Axes
   126 | D:2      | Reached XP level 2. HP: 22/27 MP: 1/1
   197 | D:3      | Reached ** piety under Trog
   216 | D:3      | Found a stormy altar of Qazlal.
   260 | D:4      | Noticed a scorpion
   264 | D:4      | Killed a scorpion
   264 | D:4      | Reached skill level 5 in Axes
   264 | D:4      | Reached XP level 3. HP: 33/33 MP: 2/2
   264 | D:4      | Reached XP level 4. HP: 40/40 MP: 3/3
   267 | D:4      | Noticed an ogre
   321 | D:4      | Killed an ogre
   321 | D:4      | Reached XP level 5. HP: 28/47 MP: 4/4
   416 | D:4      | Noticed an ogre
   423 | D:4      | Killed an ogre
   423 | D:4      | Reached skill level 5 in Fighting
   423 | D:4      | Reached skill level 6 in Axes
   423 | D:4      | Reached XP level 6. HP: 46/56 MP: 5/5
   494 | D:4      | Found a glowing drain.
   516 | Sewer    | Entered a sewer
   608 | D:5      | Entered Level 5 of the Dungeon
   671 | D:6      | Found a sand-covered staircase.
   707 | Ossuary  | Entered an ossuary
   760 | Ossuary  | Noticed a wraith
   760 | Ossuary  | Noticed a flying skull
   771 | Ossuary  | Noticed a flying skull
   793 | Ossuary  | Noticed a flying skull
   798 | Ossuary  | Noticed a wraith
   807 | Ossuary  | Killed a wraith
   807 | Ossuary  | Reached skill level 7 in Axes
   807 | Ossuary  | Reached skill level 5 in Armour
   807 | Ossuary  | Reached XP level 7. HP: 62/62 MP: 6/6
   817 | Ossuary  | Noticed a flying skull
   970 | D:6      | Found a shadowy altar of Dithmenos.
  1063 | D:7      | Reached skill level 8 in Axes
  1072 | D:7      | Gained mutation: You are partially covered in slimy green scales (AC +2). [mutagenic meat]
  1073 | D:7      | Gained mutation: Your mind is acute. (Int +2) [mutagenic meat]
  1075 | D:7      | Gained mutation: You are resistant to hostile enchantments. [mutagenic meat]
  1076 | D:7      | Gained mutation: You can translocate small distances at will. [mutagenic meat]
  1149 | D:8      | Reached *** piety under Trog
  1149 | D:8      | Reached XP level 8. HP: 71/71 MP: 7/7
  1164 | D:8      | Reached skill level 9 in Axes
  1271 | D:7      | Reached skill level 10 in Axes
  1279 | D:7      | Reached XP level 9. HP: 65/81 MP: 8/8
  1429 | D:9      | Noticed Gastronok
  1446 | D:9      | Killed Gastronok
  1446 | D:9      | Reached skill level 12 in Axes
  1451 | D:9      | Got a warped brass ring
  1456 | D:9      | Identified the ring "Loddax" {Ice -Tele *Drain Str+10 SInv} (You found it on level 9 of the Dungeon)
  1490 | D:9      | Reached XP level 10. HP: 83/91 MP: 9/9
  1518 | D:9      | Noticed Psyche
  1526 | D:9      | Paralysed by Psyche for 6 turns
  1535 | D:9      | Killed Psyche
  1576 | D:9      | Found an opulent altar of Gozag.
  1596 | D:9      | Found a flagged portal.
  1605 | Bailey   | Entered a bailey
  1653 | Bailey   | Noticed an orc sorcerer
  1654 | Bailey   | Found an iron altar of Okawaru.
  1658 | Bailey   | Killed an orc sorcerer
  1658 | Bailey   | Reached **** piety under Trog
  1658 | Bailey   | Reached skill level 1 in Evocations
  1662 | Bailey   | Reached skill level 13 in Axes
  1741 | Bailey   | Noticed an orc knight
  1753 | Bailey   | Killed an orc knight
  1850 | Bailey   | Reached skill level 10 in Fighting
  1930 | D:9      | :D
  1936 | D:10     | Entered Level 10 of the Dungeon
  1945 | D:10     | Reached skill level 10 in Armour
  2152 | D:12     | Noticed a manticore
  2165 | D:12     | Killed a manticore
  2165 | D:12     | Reached XP level 11. HP: 100/100 MP: 13/13
  2176 | D:12     | Reached ***** piety under Trog
  2294 | D:12     | Noticed a manticore
  2303 | D:12     | Killed a manticore
  2327 | D:12     | Noticed a hill giant
  2329 | D:12     | Noticed an unseen horror
  2332 | D:12     | Noticed a purple ugly thing
  2347 | D:12     | Killed a hill giant
  2348 | D:12     | Killed a purple ugly thing
  2348 | D:12     | Reached skill level 14 in Axes
  2348 | D:12     | Reached skill level 5 in Evocations
  2349 | D:12     | Killed an unseen horror
  2433 | D:12     | Found a staircase to the Orcish Mines.
  2482 | Orc:1    | Entered Level 1 of the Orcish Mines
  2676 | Orc:3    | Found Peggequi's Antique Armour Shoppe.
  2719 | Orc:2    | Received a gift from Trog
  2720 | Orc:2    | Got a slimy broad axe {god gift}
  2721 | Orc:2    | Identified the +9 broad axe of Trog's Outrage {venom, -Tele rElec rC+ Str+4} (Trog gifted it to you on level 2 of the Orcish Mines)
  2804 | Orc:3    | Found a staircase to the Elven Halls.
  2808 | Orc:3    | Found Naoqel's Magic Scroll Boutique.
  2838 | Orc:3    | Found Qeuxzom's General Store.
  2839 | Orc:3    | Found Susaos's Gadget Shop.
  2843 | Orc:3    | Noticed Josephine
  2852 | Orc:3    | Killed Josephine
  2916 | Orc:3    | Found Omnociek's Assorted Antiques.
  2918 | Orc:3    | Noticed Nergalle
  2926 | Orc:3    | Killed Nergalle
  2962 | Orc:4    | Entered Level 4 of the Orcish Mines
  2997 | Orc:4    | Found Relomp's Gadget Boutique.
  3017 | Orc:4    | Found Vuappum's Food Shop.
  3037 | Orc:4    | Found a roughly hewn altar of Beogh.
  3041 | Orc:4    | Reached skill level 15 in Axes
  3058 | Orc:4    | Noticed a soul eater
  3062 | Orc:4    | Reached XP level 12. HP: 110/110 MP: 16/16
  3089 | Orc:4    | Noticed Donald
  3097 | Orc:4    | Reached ****** piety under Trog
  3102 | Orc:4    | Killed Donald
  3311 | Orc:4    | Noticed an orc high priest
  3321 | Orc:4    | Killed an orc high priest
  3370 | Orc:4    | Found Keatto's Antique Armour Shoppe.
  3373 | Orc:4    | Noticed an orc high priest
  3377 | Orc:4    | Reached skill level 1 in Shields
  3379 | Orc:4    | Received a gift from Trog
  3380 | Orc:4    | Killed an orc high priest
  3386 | Orc:4    | Bought a pair of glowing gloves for 90 gold pieces
  3386 | Orc:4    | Bought an embroidered cloak for 90 gold pieces
  3425 | Orc:4    | Noticed an orc warlord
  3431 | Orc:4    | Noticed an orc high priest
  3442 | Orc:4    | Killed an orc high priest
  3445 | Orc:4    | Killed an orc warlord
  3492 | Orc:4    | Found a roughly hewn altar of Beogh.
  3516 | Orc:4    | Found Amom's Food Shop.
  3516 | Orc:4    | Noticed an orc high priest
  3527 | Orc:4    | Killed an orc high priest
  3527 | Orc:4    | Reached skill level 16 in Axes
  3694 | D:12     | Noticed a centaur warrior
  3700 | D:12     | Killed a centaur warrior
  3788 | D:14     | Noticed Roxanne
  3805 | D:14     | Killed Roxanne
  3805 | D:14     | Reached XP level 13. HP: 118/118 MP: 18/18
  3837 | D:15     | Entered Level 15 of the Dungeon
  3894 | D:15     | Found Xaniv's Antique Weapon Boutique.
  3982 | D:15     | Found a staircase to the Depths.
  4013 | Depths:1 | Entered Level 1 of the Depths
  4013 | Depths:1 | Noticed a stone giant
  4021 | Depths:1 | Killed a stone giant
  4060 | Depths:1 | Reached skill level 5 in Shields
  4074 | Depths:1 | Received a gift from Trog
  4114 | Depths:1 | Found a one-way gate to the infinite horrors of the Abyss.
  4197 | Depths:2 | Noticed a lich
  4209 | Depths:2 | Killed a lich
  4209 | Depths:2 | Reached skill level 17 in Axes
  4636 | D:9      | Noticed Pikel
  4641 | D:9      | Killed Pikel
  4641 | D:9      | Reached XP level 14. HP: 125/129 MP: 20/20
  4650 | D:8      | Found Bimuniu's Jewellery Boutique.
  4790 | D:8      | Found an ancient bone altar of Kikubaaqudgha.
  5102 | D:11     | Found a staircase to the Lair.
  5112 | Lair:1   | Entered Level 1 of the Lair of Beasts
  5314 | Lair:2   | Found a labyrinth entrance.
  5322 | Lab      | Entered a labyrinth
  5473 | Lab      | Identified Maetuhos's Collected Works on Darkness and Snow (You found it in a labyrinth)
  5533 | Lair:3   | Reached skill level 18 in Axes
  5670 | Lair:5   | Found a staircase to the Shoals.
  5678 | Shoals:1 | Entered Level 1 of the Shoals
  5796 | Shoals:1 | HP: 1/129 [drowned by a water elemental (7)]
  5796 | Shoals:1 | Mangled by a water elemental

Action                   |  1- 3 |  4- 6 |  7- 9 | 10-12 | 13-15 || total
-------------------------+-------+-------+-------+-------+-------++-------
Melee: Hand axe          |    30 |    72 |   140 |    37 |       ||   279
       War axe           |       |       |       |   186 |       ||   186
       Broad axe         |       |       |       |   202 |   278 ||   480
Invok: Berserk           |     1 |     4 |     6 |    10 |     5 ||    26
       Trog's Hand       |       |       |     4 |     9 |    11 ||    24
       Brothers in Arms  |       |       |       |       |     3 ||     3
Evoke: Wand              |       |       |     1 |     1 |     7 ||     9
  Use: Scroll            |       |       |     6 |    10 |     8 ||    24
 Stab: Distracted        |       |       |       |     1 |       ||     1
  Eat: Chunk             |       |     4 |    15 |    23 |    14 ||    56
       Fruit             |       |       |       |       |     3 ||     3
